Map: Incorporeal LE

Players

aTaN - Winner!

  • Race: Terran Terran
  • League: Master
  • Spawn Location: 5:00

Sindyr

  • Race: Zerg Zerg
  • League: Master
  • Spawn Location: 11:00

VOD

Have the link to the VOD?

Description

Time

  • Played on: Oct. 30, 2025, 5:52 a.m.
  • Length: 12:38
Show
View Real Time Build Order
Export as new Build Order

aTaN Terran - Winner!

Build Orders: Reaper Expand, Hellion Banshee 

Get SALT Encoding   

  12  0:00  SCV  
  13  0:12  SCV  
  14  0:17  Supply Depot  
  14  0:24  SCV  
  15  0:39  SCV  
  15  0:40  Barracks  
  16  0:47  Refinery  
  16  0:51  SCV  
  17  1:03  SCV  
  18  1:15  SCV  
  19  1:27  Orbital Command  
  19  1:29  Reaper  
  20  1:43  Command Center  
  20  1:52  Supply Depot  
  20  1:55  SCV  
  20  2:00  Marine  
  22  2:07  SCV  
  23  2:13  Bunker  
  23  2:17  Factory  
  23  2:20  Marine  
  23  2:21  SCV  
  25  2:33  SCV  
  26  2:45  Barracks Reactor  
  26  2:48  SCV  
  27  2:55  Command Center  
  27  3:00  SCV  
  27  3:02  Orbital Command  
  28  3:13  SCV  
  28  3:16  Starport  
  29  3:23  Refinery  
  29  3:31  Hellion, Barracks Tech Lab  
  29  3:34  Hellion  
  33  3:45  SCV  
  34  3:49  SCV  
  34  3:55  Supply Depot  
  35  3:58  Hellion  
  35  3:59  Hellion  
  35  4:00  Banshee  
  42  4:05  SCV x2  
  44  4:10  Orbital Command  
  44  4:13  Cloaking Field  
  44  4:20  Hellion  
  44  4:21  Hellion  
  44  4:23  SCV  
  49  4:25  SCV  
  50  4:32  Barracks Tech Lab  
  50  4:39  Barracks  
  50  4:42  Hellion  
  50  4:43  Banshee  
  55  4:49  SCV x2  
  55  4:50  SCV  
  55  4:52  Supply Depot, Stimpack, Marine  
  59  5:09  SCV  
  60  5:21  Factory Reactor  
  60  5:25  SCV  
  61  5:29  Engineering Bay  
  61  5:30  Engineering Bay  
  61  5:32  SCV  
  62  5:38  Supply Depot, SCV x2, Marine  
  62  5:39  Marine x2  
  62  5:40  Supply Depot  
  62  5:42  Supply Depot  
  67  5:44  SCV  
  67  5:45  Barracks  
  67  5:46  Barracks  
  68  5:50  Starport Reactor, SCV  
  69  5:57  Marine  
  70  6:11  Marine  
  70  6:12  Marine  
  70  6:13  Refinery  
  70  6:14  Refinery  
  70  6:15  Marine  
  73  6:19  SCV  
  73  6:20  Terran Infantry Weapons Level 1, Terran Infantry Armor Level 1  
  73  6:22  Missile Turret x2  
  74  6:29  Marine x2  
  74  6:32  Combat Shield  
  76  6:33  Marine  
  77  6:43  Barracks  
  77  6:45  Barracks  
  77  6:46  SCV x2  
  79  6:48  Starport Reactor  
  79  6:50  Supply Depot, Armory  
  79  6:51  Marine  
  80  6:59  Marine x3  
  80  7:00  Siege Tank, Marine x2  
  88  7:06  Supply Depot  
  89  7:08  SCV  
  89  7:10  SCV x2  
  91  7:16  Supply Depot  
  91  7:21  Marine x4  
  91  7:22  Marine x2  
  96  7:23  Supply Depot  
  96  7:24  SCV  
  96  7:27  SCV  
  96  7:29  Supply Depot  
  98  7:39  Marine x2  
  98  7:40  Medivac x2  
  98  7:41  Siege Tank  
  98  7:42  Barracks Reactor x2, Marine x2  
  98  7:43  Marine x2  
  112  7:51  SCV  
  112  7:54  SCV  
  112  7:56  Marine  
  114  8:05  SCV, Marine  
  115  8:06  Marine, Barracks Reactor  
  115  8:09  Factory  
  117  8:13  Medivac x2  
  117  8:14  Orbital Command  
  117  8:16  Terran Vehicle Weapons Level 1  
  121  8:28  Marine x3, Siege Tank  
  121  8:29  Marine x5  
  126  8:46  Marine x2  
  126  8:48  SCV x3  
  131  8:49  Refinery, Missile Turret  
  131  8:51  Missile Turret  
  131  8:52  Refinery  
  131  8:53  Smart Servos, Siege Tank  
  131  8:54  Bunker  
  134  9:00  Siege Tank  
  137  9:05  SCV x2  
  137  9:06  SCV  
  140  9:10  Supply Depot  
  140  9:11  Supply Depot  
  140  9:15  Terran Infantry Weapons Level 2  
  140  9:16  Terran Infantry Armor Level 2  
  140  9:17  Marine  
  141  9:24  Supply Depot  
  141  9:25  Supply Depot x2  
  141  9:31  Marine x5  
  141  9:32  SCV x3  
  149  9:46  SCV x2  
  149  9:47  SCV  
  149  9:49  Hellion x7, Missile Turret  
  152  9:53  Marine x4  
  152  9:54  Siege Tank x2  
  152  9:55  Marine x2  
  152  9:56  Marine x3  
  152  9:57  Marine x2  
  152  9:58  SCV  
  152  9:59  SCV  
  170  10:03  Supply Depot  
  170  10:04  Supply Depot  
  170  10:12  SCV, Terran Vehicle Weapons Level 2  
  171  10:15  Medivac x2  
  171  10:16  Command Center  
  171  10:18  Marine x6  
  181  10:24  Marine x5  
  181  10:26  Supply Depot  
  185  10:29  Supply Depot  
  185  10:45  Medivac x2  
  189  10:56  Barracks  
  189  10:57  Barracks  
  189  10:58  Siege Tank x2  
  189  10:59  Barracks  
  195  11:05  Ghost Academy  
  195  11:15  Fusion Core  
  195  11:22  Marine x4  
  195  11:23  Marine  
  200  11:45  Missile Turret  
  200  11:59  Refinery  
  200  12:03  Refinery  
Show
View Real Time Build Order
Export as new Build Order

Sindyr Zerg 

Build Orders: Hatch First 

Get SALT Encoding   

  12  0:04  Drone  
  13  0:10  Drone  
  13  0:13  Extractor  
  14  0:23  Overlord  
  14  0:45  Drone  
  14  0:49  Drone  
  16  0:52  Hatchery  
  16  0:55  Drone  
  16  1:16  Drone  
  17  1:21  Spawning Pool  
  17  1:22  Drone  
  17  1:23  Extractor  
  17  1:24  Drone  
  17  1:43  Drone x2  
  19  1:55  Overlord  
  19  2:01  Drone  
  20  2:08  Queen  
  20  2:12  Queen  
  24  2:18  Zergling x2  
  24  2:20  Zergling x2  
  24  2:44  Drone x2  
  24  2:45  Drone x2  
  24  2:48  Queen  
  24  2:50  Metabolic Boost  
  30  3:00  Evolution Chamber  
  30  3:12  Drone  
  30  3:13  Drone x4  
  30  3:19  Extractor  
  33  3:24  Roach Warren  
  32  3:40  Lair  
  32  3:42  Zerg Missile Weapons Level 1  
  33  3:55  Drone  
  33  3:56  Drone x2  
  33  3:58  Drone  
  36  4:05  Hatchery  
  35  4:31  Overlord x2  
  35  4:44  Hydralisk Den  
  34  4:46  Drone x2  
  34  4:50  Drone x12  
  34  4:51  Drone  
  49  4:55  Extractor  
  49  4:57  Extractor  
  47  5:00  Queen  
  47  5:05  Roach  
  49  5:15  Roach  
  49  5:17  Roach  
  53  5:27  Spine Crawler  
  52  5:36  Spine Crawler  
  52  5:37  Roach x3  
  57  5:53  Spine Crawler  
  56  6:00  Roach x2  
  57  6:05  Overlord x2  
  57  6:06  Overlord  
  57  6:08  Zerg Missile Weapons Level 2  
  57  6:11  Overlord  
  57  6:22  Overlord x3  
  57  6:38  Glial Reconstitution  
  57  6:39  Hatchery  
  56  6:41  Muscular Augments  
  56  7:08  Overseer  
  56  7:10  Pneumatized Carapace  
  56  7:13  Drone x3  
  56  7:14  Drone x2  
  56  7:15  Drone x2  
  63  7:40  Hydralisk x8  
  79  7:45  Grooved Spines, Evolution Chamber  
  78  7:55  Spore Crawler  
  78  7:56  Spore Crawler  
  78  7:57  Hydralisk x2  
  80  7:58  Hydralisk  
  82  8:10  Spore Crawler x2  
  80  8:14  Spore Crawler  
  80  8:15  Drone x6  
  85  8:20  Spore Crawler  
  85  8:24  Spore Crawler  
  83  8:43  Zerg Ground Armor Level 1  
  83  8:44  Zerg Melee Weapons Level 1  
  83  8:52  Hatchery  
  83  8:53  Infestation Pit  
  81  9:00  Hatchery  
  80  9:06  Drone x9  
  80  9:09  Drone  
  90  9:12  Drone  
  91  9:51  Hatchery  
  90  9:56  Hive  
  89  10:07  Queen  
  91  10:15  Hydralisk  
  91  10:16  Hydralisk x3, Roach x2  
  91  10:17  Roach  
  105  10:22  Spore Crawler x2  
  103  10:29  Spine Crawler  
  103  10:32  Spine Crawler  
  101  10:40  Drone x3  
  101  10:41  Drone x8  
  101  10:42  Drone x2  
  114  10:56  Baneling Nest  
  113  11:00  Overlord x4  
  113  11:11  Spine Crawler  
  113  11:15  Spine Crawler  
  111  11:18  Ultralisk Cavern  
  110  11:25  Extractor  
  110  11:27  Extractor  
  108  11:46  Hydralisk  
  108  11:47  Hydralisk, Roach  
  108  11:48  Roach x6  
  108  11:50  Roach  
  126  12:07  Roach  
  126  12:08  Zergling x2  
  126  12:09  Zergling x2  
  126  12:10  Zergling x16  
Tags
 
Add a new tag
Caveats
  • Supply blocks, unpowered buildings, or Contaminate may cause inaccurate times.
  • Supply counts are checked every 10 seconds.